AoeStats
← Erick14mar

Arena

510453301Analyzed
2v2 RM · 2d ago on Oct 1, 2026· 44m 22s· 4 players
Game mode
Random Map
Map size
Medium (4 player)
Population
200
Speed
Normal
Resources
Standard
Victory
Conquest
Starting age
Dark Age
Ending age
Imperial Age
RankedLock teamsTeams togetherTeam positionsShared explorationLock speedFull tech treeHidden civsTurbo modeCheats
Victory
Defeat
🇺🇸 Britons · United States
1438
+13
🇺🇸 Georgians · United States
1422
+14
🇵🇪 Teutons · Peru
1390
-15
🇨🇴 Malay · Colombia
1348
-12
Erick14mar
8:43 Feudal Age
7:58 Loom
10:47 Fletching
12:40 Town Watch
15:58 Horse Collar
19:50 Double-Bit Axe
21:53 Padded Archer Armor
23:18 Scale Mail Armor
28:16 Forging
30:54 Castle Age
29:30 Scale Barding Armor
29:35 Forging
30:09 Bloodlines
30:06 Gold Mining
30:06 Stone Mining
31:17 Wheelbarrow
31:58 Bodkin Arrow
33:23 Leather Archer Armor
33:30 Chain Barding Armor
33:25 Chain Mail Armor
33:46 Iron Casting
34:29 Stone Shaft Mining
33:56 Elite Skirmisher
34:37 Crossbowman
35:29 Heavy Plow
39:41 Imperial Age
37:31 Hand Cart
38:24 Bow Saw
40:43 Ballistics
41:20 Plate Barding Armor
41:45 Blast Furnace
42:07 Ring Archer Armor
42:47 Chemistry
44:07 Plate Barding Armor
FC_diana2501
11:33 Feudal Age
15:04 Castle Age
13:14 Double-Bit Axe
13:29 Horse Collar
18:38 Gold Mining
26:01 Scale Barding Armor
26:10 Forging
27:42 Bow Saw
32:50 Imperial Age
30:48 Fletching
32:39 Iron Casting
33:20 Bodkin Arrow
33:25 Loom
33:27 Town Watch
36:00 Wheelbarrow
35:50 Bracer
Wonderphil
10:15 Feudal Age
11:05 Loom
15:38 Castle Age
22:52 Fletching
23:15 Double-Bit Axe
25:28 Bodkin Arrow
26:43 Padded Archer Armor
32:23 Imperial Age
32:05 Wheelbarrow
31:44 Bow Saw
33:35 Bracer
34:17 Stone Mining
39:07 Ballistics
39:47 Chemistry
38:46 Gold Mining
40:24 Two-Man Saw
40:35 Warwolf
40:57 Yeomen
40:30 Elite Longbowman
42:28 Leather Archer Armor
42:44 Warwolf
43:56 Siege Engineers
Play_the_Puck
10:43 Feudal Age
15:16 Castle Age
13:35 Double-Bit Axe
16:24 Bow Saw
16:51 Horse Collar
24:18 Wheelbarrow
24:31 Loom
24:42 Fletching
34:16 Imperial Age
34:05 Masonry
34:00 Bodkin Arrow
35:08 Bracer
41:00 Block Printing
42:51 Hand Cart
42:10 Cavalier
43:01 Bloodlines
42:51 Husbandry
43:03 Gold Mining
Connection lost

Rejoining the realm…

Still unreachable

The connection could not be restored.

Session expired

The server has moved on; the page needs a fresh start.